 Dungeon Crawl Stone Soup version 0.24.0-123-gd5b16e6ec5 (webtiles) character file.

Game seed: 1594607286656469361, levelgen mode: deterministic

7763 Delamore the Severer (level 11, -1/104 HPs)
             Began as a Hill Orc Fighter on Dec 22, 2019.
             Was a Priest of Okawaru.
             Slain by a two-headed ogre
             ... wielding a +0 giant club
              (13 damage)
             ... on level 9 of the Dungeon.
             The game lasted 00:11:07 (9175 turns).

Delamore the Severer (Hill Orc Fighter)             Turns: 9175, Time: 00:11:07

Health: -1/104     AC: 16    Str: 23    XL:     11   Next: 20%
Magic:  20/20      EV:  4    Int: 10    God:    Okawaru [***...]
Gold:   515        SH:  9    Dex: 10    Spells: 10/10 levels left

rFire    . . .     SeeInvis .   g - +1 hand axe (chop)
rCold    . . .     Gourm    .   c - +0 shield
rNeg     . . .     Faith    .   H - +0 plate armour (curse)
rPois    .         Spirit   .   (no helmet)
rElec    .         Reflect  .   C - +1 cloak
rCorr    .         Harm     .   y - +0 pair of gloves
MR       .....                  t - +1 pair of boots
Stlth    ..........             (no amulet)
HPRegen  0.27/turn              j - +2 ring of intelligence
MPRegen  0.17/turn              k - ring of magical power

@: no status effects
A: no striking features
a: Heroism, Renounce Religion


You were on level 9 of the Dungeon.
You worshipped Okawaru.
Okawaru was most pleased with you.
You were not hungry.

You visited 1 branch of the dungeon, and saw 9 of its levels.

You collected 542 gold pieces.
You spent 27 gold pieces at shops.

Inventory:

Hand Weapons
 a - a +0 war axe
 g - a +1 hand axe of chopping (weapon)
 s - the +0 spear of Pestilence {pierce, *Slow MR+++ Str+4 Dex-5}
   (You found it on level 7 of the Dungeon)

   It inflicts extra damage upon your enemies.
   It affects your strength (+4).
   It affects your dexterity (-5).
   It affects your resistance to hostile enchantments.
   It may slow you when you take damage.
Missiles
 b - a throwing net (quivered)
Armour
 c - a +0 shield (worn)
 t - a +1 pair of boots (worn)
 y - a +0 pair of gloves (worn)
 C - a +1 cloak (worn)
 H - a cursed +0 plate armour (worn)
Jewellery
 j - a +2 ring of intelligence (left hand)
 k - a ring of magical power (right hand)
 A - an uncursed ring of magical power
 G - an uncursed ring of see invisible {unknown}
Wands
 B - a wand of random effects (4)
Scrolls
 e - 3 scrolls of enchant armour
 h - 2 scrolls of fog
 l - a scroll of remove curse
 n - 2 scrolls of immolation
 p - a scroll of enchant weapon {unknown}
 r - 2 scrolls of noise
 u - a scroll of fear {unknown}
 w - a scroll of magic mapping
 E - a scroll of vulnerability {unknown}
 I - 2 scrolls of teleportation {unknown}
Potions
 d - 2 potions of might
 i - 2 potions of agility
 m - 2 potions of curing
 o - a potion of cancellation
 v - 4 potions of lignification {unknown}
 x - a potion of degeneration {unknown}
 z - 2 potions of brilliance {unknown}
 D - a potion of resistance {unknown}
 F - a potion of heal wounds
Comestibles
 f - 19 rations
 q - a chunk of flesh


   Skills:
 + Level 12.1 Fighting
 + Level 18.2 Axes
 - Level 3.2 Armour
 - Level 3.2 Shields


You had 10 spell levels left.
You didn't know any spells.
Your spell library contained the following spells:

 Spells                   Type           Power        Failure   Level  Hunger
 Freeze                   Ice            #...         100%        1    ##.....
 Summon Small Mammal      Summ           #...         100%        1    ##.....
 Call Imp                 Summ           #.......     100%        2    ###....
 Throw Frost              Conj/Ice       #.....       100%        2    ###....
 Call Canine Familiar     Summ           #.......     100%        3    ####...
 Ozocubu's Armour         Chrm/Ice       #.......     100%        3    ####...
 Summon Guardian Golem    Hex/Summ       #.......     100%        3    ####...
 Summon Ice Beast         Ice/Summ       #.......     100%        4    #####..
 Summon Lightning Spire   Summ/Air       #.......     100%        4    #####..
 Throw Icicle             Conj/Ice       #.......     100%        4    #####..


Dungeon Overview and Level Annotations

Branches:
Dungeon (9/15)             Temple (0/1) D:6
   Lair: D:8-11         Orc: D:9-12

Altars:
Cheibriados
Hepliaklqana
Nemelex Xobeh
Okawaru
Ru
Trog
Uskayaw
Yredelemnul
The Shining One

Shops:
D:7 *%=*   D:8 %


Message History

Your shield and plate armour prevent you from hitting the two-headed ogre.
The two-headed ogre is heavily wounded.
You hit the two-headed ogre.
The two-headed ogre is heavily wounded.
The two-headed ogre barely misses you.
The two-headed ogre completely misses you.
You closely miss the two-headed ogre.
The two-headed ogre is heavily wounded.
You hit the two-headed ogre but do no damage.
The two-headed ogre is heavily wounded.
The two-headed ogre hits you with a +0 giant club!!
* * * LOW HITPOINT WARNING * * *
The two-headed ogre hits you with a cursed +0 giant club!
* * * LOW HITPOINT WARNING * * *
You completely miss the two-headed ogre.
The two-headed ogre is heavily wounded.
The two-headed ogre hits you with a +0 giant club.
* * * LOW HITPOINT WARNING * * *
The two-headed ogre hits you with a cursed +0 giant club!
You die...

#........[....
#..###.###.##.
#.#.#.## #.#
##.##.## ... ..
#..######.#...#
#)............#
#..####.####..
#..##.....##
#..#...@...#
#..#...O...#
#......_.....#
#..#.......#.#
#..#.......#.#
## ##.....## #
###.### ...


You could see a two-headed ogre.

Vanquished Creatures
  A hydra (D:7)
  A two-headed ogre (D:8)
  Pikel (D:7)
  A hornet (D:8)
  Sigmund (D:5)
  A steam dragon (D:7)
  Edmund (D:5)
  2 soldier ants (D:8)
  4 sky beasts
  4 slaves (D:7)
  2 ice beasts
  5 ogres (D:8)
  3 orc warriors
  3 centaurs
  2 bullfrogs
  A wyvern zombie (D:7)
  A scorpion (D:5)
  5 wights (D:8)
  4 killer bees
  2 howler monkeys
  3 crimson imps
  2 centaur zombies
  2 quasits
  A jelly (D:5)
  A bullfrog zombie (D:6)
  6 orc priests
  A bullfrog skeleton (D:4)
  2 hounds
  A centaur skeleton (D:4)
  2 worker ants
  Crazy Yiuf (D:5)
  4 iguanas (D:6)
  4 orc wizards
  A worker ant zombie (D:5)
  8 adders
  A shadow imp (D:8)
  2 oozes (D:3)
  2 adder skeletons
  4 worms
  3 dart slugs
  4 leopard geckos
  31 orcs
  A ball python (D:4)
  6 giant cockroaches
  5 goblins
  6 hobgoblins
  7 jackals (D:3)
  5 kobolds
  5 quokkas
  3 bats
  3 frilled lizards
  A giant cockroach zombie (D:5)
  4 rats
  A fungus (D:5)
178 creatures vanquished.

Notes
Turn   | Place    | Note
-------+----------+-------------------------------------------
     0 | D:1      | Delamore the Hill Orc Fighter began the quest for the Orb.
     0 | D:1      | Reached XP level 1. HP: 19/19 MP: 1/1
    57 | D:1      | Reached skill level 3 in Axes
   366 | D:1      | Reached XP level 2. HP: 26/26 MP: 2/2
   679 | D:1      | Reached skill level 4 in Axes
   861 | D:2      | Found a snail-covered altar of Cheibriados.
   945 | D:2      | Found a basalt altar of Yredelemnul.
  1097 | D:2      | Found a sparkling altar of Nemelex Xobeh.
  1190 | D:2      | Found a hazy altar of Hepliaklqana.
  1315 | D:2      | Reached XP level 3. HP: 21/31 MP: 3/3
  1411 | D:3      | Reached skill level 5 in Axes
  1478 | D:3      | Reached skill level 6 in Axes
  1478 | D:3      | Reached XP level 4. HP: 26/39 MP: 4/4
  1665 | D:3      | Reached XP level 5. HP: 27/45 MP: 5/5
  1729 | D:3      | Found a hide-covered altar of Uskayaw.
  1765 | D:3      | Reached skill level 7 in Axes
  2191 | D:3      | Found a sacrificial altar of Ru.
  2477 | D:4      | Reached skill level 8 in Axes
  2477 | D:4      | Reached XP level 6. HP: 22/51 MP: 6/6
  3177 | D:5      | Entered Level 5 of the Dungeon
  3213 | D:5      | Reached skill level 9 in Axes
  3485 | D:5      | Noticed a sky beast
  3488 | D:5      | Reached XP level 7. HP: 53/57 MP: 7/7
  3521 | D:5      | Reached skill level 10 in Axes
  3951 | D:5      | Reached skill level 11 in Axes
  4254 | D:5      | Noticed Sigmund
  4265 | D:5      | Killed Sigmund
  4265 | D:5      | Reached XP level 8. HP: 58/64 MP: 8/8
  4286 | D:5      | Noticed Edmund
  4301 | D:5      | Killed Edmund
  4301 | D:5      | Reached skill level 12 in Axes
  4459 | D:5      | Found a runed translucent door.
  4460 | D:5      | Noticed Crazy Yiuf
  4471 | D:5      | Killed Crazy Yiuf
  5020 | D:6      | Found a bloodstained altar of Trog.
  5131 | D:6      | Reached skill level 13 in Axes
  5379 | D:6      | Found a staircase to the Ecumenical Temple.
  5416 | D:6      | Found an iron altar of Okawaru.
  5424 | D:6      | Became a worshipper of Warmaster Okawaru
  5456 | D:6      | Found a bloodstained altar of Trog.
  5784 | D:6      | Reached skill level 14 in Axes
  5784 | D:6      | Reached XP level 9. HP: 55/70 MP: 9/9
  5951 | D:7      | Reached * piety under Okawaru
  6063 | D:7      | Found Byxkudyu's Assorted Antiques.
  6069 | D:7      | Reached skill level 10 in Fighting
  6069 | D:7      | Reached skill level 17 in Axes
  6069 | D:7      | Reached XP level 10. HP: 92/94 MP: 10/10
  6077 | D:7      | Noticed an eight-headed hydra
  6437 | D:7      | Found Jousuilum's General Store.
  6530 | D:7      | Found Kanaihiuv's Jewellery Shoppe.
  6538 | D:7      | Noticed Pikel
  6602 | D:7      | Killed Pikel
  7045 | D:7      | Got a fine spear
  7046 | D:7      | Identified the cursed +0 spear of Pestilence {pierce, *Slow
                  | MR+++ Str+4 Dex-5} (You found it on level 7 of the Dungeon)
  7097 | D:7      | Found Nomor's Food Shop.
  7114 | D:7      | Killed an eight-headed hydra
  7617 | D:7      | Bought a scroll labeled QAMOTED LURHUR for 27 gold pieces
  8018 | D:8      | Reached ** piety under Okawaru
  8175 | D:8      | Found Goqoibip's Food Shoppe.
  8374 | D:8      | Noticed a two-headed ogre
  8389 | D:8      | Killed a two-headed ogre
  8389 | D:8      | Reached skill level 18 in Axes
  8389 | D:8      | Reached XP level 11. HP: 14/104 MP: 11/11
  8769 | D:8      | Paralysed by a hornet for 1 turns
  8776 | D:8      | Reached *** piety under Okawaru
  9158 | D:9      | Found a glowing golden altar of the Shining One.
  9159 | D:9      | Noticed a two-headed ogre
  9175 | D:9      | Slain by a two-headed ogre

Levels and vault maps discovered:
D:1:      dpeg_arrival_three_same_balls, layout_basic, palyth_stone_intersect,
          kennysheep_boxes
D:2:      layout_basic, lemuel_round_altar, lemuel_round_altar,
          lemuel_coloured_pillars_altar, nicolae_overflow_crystal_walls
D:3:      layout_loops_cross, nicolae_overflow_hidden_temple
D:4:      layout_basic, first_ration
D:5:      layout_loops_cross, sigmund_edmund_badplayer, uniq_crazy_yiuf_cottage
D:6:      layout_basic, okawaru_metal_pillars_1_2, temple_hall, basic_altar,
          trog_butcher_becter
D:7:      layout_basic, serial_shops, nicolae_shop_competitors_out_of_business,
          shop_fountains, kennysheep_mini_moat, shop, uniq_pikel
D:8:      layout_cave_pools, serial_shops, kennysheep_mini,
          hangedman_pestilent_swarm, feat_on_display
D:9:      layout_loops_ring, kennysheep_little_box, old_standard_altar,
          kennysheep_path_1, supply_closet_lemuel

Skill      XL: |  1  2  3  4  5  6  7  8  9 10 11 |
---------------+----------------------------------+-----
Axes           | 3 4 6 8 9 11 14 17 18 | 18.2
Fighting       | 10 11 12 | 12.1
Armour         | |  3.2
Shields        | |  3.2

Action                   |  1- 3 |  4- 6 |  7- 9 | 10-12 || total
-------------------------+-------+-------+-------+-------++-------
Melee: War axe           |    17 |       |       |       ||    17
       Hand axe          |    90 |   182 |   269 |   270 ||   811
       Spear             |       |       |       |     9 ||     9
Invok: Heroism           |       |       |       |     2 ||     2
Evoke: Wand              |       |       |       |     6 ||     6
  Use: Scroll            |     5 |     5 |     3 |     2 ||    15
       Potion            |       |       |     1 |     4 ||     5
  Eat: Chunk             |     2 |     6 |     9 |     6 ||    23
       Ration            |       |       |       |     1 ||     1
Armor: Scale mail        |    38 |    25 |       |       ||    63
       Ring mail         |       |    34 |    77 |    24 ||   135
       Plate armour      |       |       |       |   121 ||   121
Dodge: Dodged            |    31 |    42 |    43 |    43 ||   159
Block: Shield            |    45 |    65 |    91 |   126 ||   327
